 Dungeon Crawl Stone Soup version 0.31-a0-198-g2ad674f65e (webtiles) character file.

Game seed: 13417657606418373417

85 Anon1729 the Trooper (level 4, -1/40 HPs)
             Began as a Minotaur Monk on June 25, 2023.
             Slain by a gnoll
             ... wielding a +0 club
             ... led by a gnoll bouda
              (9 damage)
             ... on level 3 of the Dungeon.
             The game lasted 00:00:38 (1696 turns).

Anon1729 the Trooper (Minotaur Monk)                Turns: 1696, Time: 00:00:38

Health: -1/40      AC:  2    Str: 16    XL:     4   Next: 25%
Magic:  4/4        EV: 13    Int:  7    God:
Gold:   124        SH:  0    Dex: 14    Spells: 3/3 levels left

rFire   . . .        a - +0 short sword
rCold   . . .        d - orb {light}
rNeg    . . .        b - +0 robe
rPois   .            (helmet restricted)
rElec   .            (no cloak)
rCorr   .            (no gloves)
SInv    .            (no boots)
Will    .....        (no amulet)
Stlth   +            (no ring)
HPRegen 0.26/turn    (no ring)
MPRegen 0.09/turn

%: no passive effects
@: glowing
A: horns 2, retaliatory headbutt
a: no special abilities


You were on level 3 of the Dungeon.
You visited 1 branch of the dungeon, and saw 3 of its levels.

You collected 124 gold pieces.

Inventory:

Hand Weapons
 a - a +0 short sword (weapon)
Missiles
 j - 4 poisoned darts
Armour
 b - a +0 robe (worn)
 d - an orb of light (worn)
Scrolls
 e - 3 scrolls of revelation {unknown}
 f - a scroll of enchant weapon {unknown}
 g - 4 scrolls of identify {unknown}
 i - 2 scrolls of immolation
 k - a scroll of noise {unknown}
 l - a scroll of poison {unknown}
Potions
 c - a potion of ambrosia
 h - a potion of attraction {unknown}
 m - a potion of degeneration {unknown}
 n - a potion of enlightenment {unknown}


   Skills:
 + Level 4.2 Fighting
 + Level 3.8 Short Blades
 + Level 1.9 Armour
 + Level 3.8 Dodging
 + Level 1.6 Invocations


You had 3 spell levels left.
You didn't know any spells.
Your spell library contained the following spells:

 Spells                   Type           Power      Damage    Failure   Level
 Beastly Appendage        Tmut           0%         N/A       43%         1
 Cigotuvi's Dreadful Rot  Necr/Pois/Air  0%         N/A       56%         2
 Wereblood                Tmut           0%         N/A       56%         2
 Spider Form              Tmut/Pois      0%         N/A       80%         3
 Dispel Undead            Necr           0%         3d6       99%         4
 Death Channel            Necr           0%         N/A       100%        6


Dungeon Overview and Level Annotations

Branches:
Dungeon (3/15)

Altars:

Portals:
Sewer: D:3


Innate Abilities, Weirdness & Mutations

You have a pair of horns on your head.
You reflexively headbutt those who attack you in melee.


Message History

The gnoll hits the plant with a +0 flail.
The plant begins to die.
You hit the gnoll bouda but do no damage.
You headbutt the gnoll bouda.
The gnoll bouda is heavily wounded.
A nearby plant withers and dies.
The gnoll bouda hits you but does no damage.
You hit the gnoll bouda but do no damage.
The gnoll bouda is heavily wounded.
The gnoll hits the plant with a +0 flail.
The plant begins to die.
The gnoll bouda hits you with a +0 club.
The gnoll hits you with a +0 club. x2
You barely miss the gnoll bouda.
You headbutt the gnoll bouda, but do no damage.
The gnoll bouda is heavily wounded.
The gnoll hits the plant with a +0 flail.
The gnoll bouda hits you with a +0 club!
The gnoll misses you. The gnoll closely misses you.
You are too injured to fight recklessly!
You are too injured to fight recklessly!
You are too injured to fight recklessly!
You are too injured to fight recklessly!
The gnoll bouda attacks as you move away!
The gnoll bouda hits you with a +0 club!
* * * LOW HITPOINT WARNING * * *
A nearby plant withers and dies.
The gnoll hits the plant with a +0 flail!
The gnoll completely misses you.
The gnoll hits the plant with a +0 flail!
The plant begins to die.
A nearby plant withers and dies.
The gnoll hits the plant with a +0 club.
The plant begins to die.
The gnoll attacks as you move away! The gnoll barely misses you.
The gnoll hits you with a +0 club.
* * * LOW HITPOINT WARNING * * *
The gnoll is no longer moving quickly.
The gnoll hits you with a +0 club!
You die...

#..P......#########......
#.P...P..............).#.
#..PP.PP..##..<.##.......
#.....g.....##.........#
##..##.g########....#...
##..g..# #.# ###..#....
#.#.### #.###......... #.
#gg####.#...#....... #.
##.@.##............. ..
###......###.######
....#####......##...######
. .>..........)........#..
.######......##......(.>
####.......#......)...
#####.....#<...#..........
#<..#.#........#...>......
#.......###....#..........


You could see a gnoll bouda and 2 gnolls.

Vanquished Creatures
  3 gnolls (D:2)
  3 worms
  An orc (D:3)
  5 bats
  5 endoplasms
  2 giant cockroaches
  6 goblins
  4 hobgoblins (D:1)
  5 ball pythons
  3 frilled lizards
  5 kobolds
  8 rats
50 creatures vanquished.

Notes
Turn   | Place    | Note
-------+----------+-------------------------------------------
     0 | D:1      | Anon1729 the Minotaur Monk began the quest for the Orb.
     0 | D:1      | Reached XP level 1. HP: 19/19 MP: 0/0
    73 | D:1      | Found a faded altar of an unknown god.
   217 | D:1      | Reached XP level 2. HP: 24/27 MP: 1/1
   342 | D:1      | Reached skill level 1 in Armour
   622 | D:2      | Reached skill level 4 in Fighting
   622 | D:2      | Reached skill level 1 in Invocations
   622 | D:2      | Reached XP level 3. HP: 33/33 MP: 2/2
  1158 | D:2      | Reached XP level 4. HP: 40/40 MP: 4/4
  1582 | D:3      | Found a glowing drain.
  1696 | D:3      | Slain by a gnoll

Illustrated notes

Levels and vault maps discovered:
D:1:      nzn_arrival_water_spiral, layout_rooms,
          hellmonk_ecumenical_altar_blasted, minmay_pentomino_v2
D:2:      layout_loops_ring, minmay_misc_feat_rugged
D:3:      layout_rooms, grunt_dithmenos_smoke_and_mirrors,
          gammafunk_ghost_nasty_kobolds, portal_sewer_entry_b,
          nicolae_grassy_gnolls

Skill      XL: |  1  2 |
---------------+-------+-----
Armour         | 1 |  1.9
Fighting       | 4 |  4.2
Invocations    | 1 |  1.6
Short Blades   | |  3.8
Dodging        | |  3.8

Action                     |  1- 3 |  4- 6 || total
---------------------------+-------+-------++-------
  Melee: Short sword       |    76 |    42 ||   118
         Headbutt          |    17 |     9 ||    26
 Armour: Robe              |     6 |     7 ||    13
  Dodge: Dodged            |    34 |    19 ||    53

Table legend: (Time is in decaauts)
 A = Elapsed time spent in this place.
 B = Non-inter-level travel time spent in this place.
 C = Inter-level travel time spent in this place.
 D = Time resting spent in this place.
 E = Time spent auto-exploring this place.
 F = Levels seen in this place.
 G = Mean time per level.
                   A        B        C        D        E       F      G
               +--------+--------+--------+--------+--------+-----+--------+
         Total |   1673 |   1546 |    127 |     99 |   1202 |   3 |  557.7 |
       Dungeon |   1673 |   1546 |    127 |     99 |   1202 |   3 |  557.7 |
               +--------+--------+--------+--------+--------+-----+--------+

Top non-repeatable levels by time:
     D:2: 880 daAuts
     D:1: 548 daAuts
     D:3: 244 daAuts
